 Dungeon Crawl Stone Soup version 0.29-a0-512-gf59ac788ac (webtiles) character file.

Game seed: 3003340257222573059

10619 kyalle the Fighter (level 11, 0/107 HPs)
             Began as a Minotaur Fighter on May 29, 2022.
             Was an Initiate of Yredelemnul.
             Slain by a wolf (8 damage)
             ... on level 2 of the Lair of Beasts.
             The game lasted 00:51:44 (10833 turns).

kyalle the Fighter (Minotaur Fighter)              Turns: 10833, Time: 00:51:45

Health: 0/107      AC: 14    Str: 26    XL:     11   Next: 38%
Magic:  10/10      EV:  7    Int:  5    God:    Yredelemnul [......]
Gold:   694        SH:  6    Dex:  9    Spells: 10/10 levels left

rFire   . . .      SeeInvis .   D - +5 hand axe (vamp)
rCold   + . .      Faith    .   c - +0 buckler
rNeg    . . .      Spirit   .   r - +0 plate armour
rPois   .          Reflect  .   (helmet restricted)
rElec   .          Harm     .   (no cloak)
rCorr   .          Rampage  .   (no gloves)
Will    .....                   (no boots)
Stlth   ..........              (no amulet)
HPRegen 0.27/turn               x - ring of flight
MPRegen 0.12/turn               q - ring of protection from cold

@: about to teleport, marked, flying
A: horns 2, retaliatory headbutt
a: Renounce Religion, Recall Undead Harvest


You were on level 2 of the Lair of Beasts.
You worshipped Yredelemnul.
Yredelemnul was noncommittal.
You visited 3 branches of the dungeon, and saw 12 of its levels.

You collected 694 gold pieces.

Inventory:

Hand Weapons
 a - a +1 war axe of electrocution
 h - a +6 dagger of holy wrath
 A - the +3 spear "Pifiveid" {protect, *Rage MP+9 Int+4 SInv}
   (You found it on level 6 of the Dungeon)

   It grants its wielder temporary protection when it strikes (+7 to AC).
   Int:       It affects your intelligence (+4).
   MP:        It affects your magic capacity (+9).
   SInv:      It lets you see invisible.
   *Rage:     It berserks you when you make melee attacks (+20% chance).
 D - a +5 vampiric hand axe (weapon)
Missiles
 i - 8 boomerangs (quivered)
 j - 3 throwing nets
Armour
 b - a +1 scale mail
 c - a +0 buckler (worn)
 r - a +0 plate armour (worn)
Jewellery
 e - a ring of wizardry
 f - an amulet of faith
 k - a +6 ring of dexterity
 q - a ring of protection from cold (right hand)
 x - a ring of flight (left hand)
 J - a ring of ice
Wands
 l - a wand of charming (8)
 p - a wand of iceblast (9)
 t - a wand of paralysis (6)
 u - a wand of acid (9)
 y - a wand of flame (13)
Scrolls
 n - 4 scrolls of blinking
 o - 2 scrolls of fog
 B - 2 scrolls of enchant armour
 C - 2 scrolls of teleportation
 E - 2 scrolls of amnesia
 H - 2 scrolls of identify
Potions
 d - a potion of might
 g - a potion of attraction
 m - 3 potions of brilliance
 s - a potion of invisibility {unknown}
 v - a potion of berserk rage {unknown}
 w - 3 potions of flight
 z - a potion of cancellation
 F - 2 potions of haste
Miscellaneous
 I - a phial of floods


   Skills:
 * Level 13.0 Fighting
 * Level 8.1(10.3) Axes
 - Level 9.9(11.1) Polearms
 + Level 9.6 Armour
 + Level 9.5 Shields


You had 10 spell levels left.
You didn't know any spells.
Your spell library contained the following spells:

 Spells                   Type           Power      Damage    Failure   Level
 Freeze                   Ice            0%         1d3       99%         1
 Sandblast                Erth           0%         2d4       99%         1
 Slow                     Hex            0%         N/A       99%         1
 Passwall                 Tmut/Erth      0%         N/A       100%        2
 Poisonous Vapours        Pois/Air       0%         N/A       100%        2
 Confusing Touch          Hex            0%         N/A       100%        3
 Conjure Flame            Conj/Fire      0%         6-21      100%        3
 Frozen Ramparts          Ice            0%         1d2       100%        3
 Ignite Poison            Fire/Tmut/Pois 0%         N/A       100%        3
 Stone Arrow              Conj/Erth      0%         3d7       100%        3
 Vampiric Draining        Necr           0%         2d6       100%        3
 Animate Armour           Summ/Erth      0%         N/A       100%        4
 Corpse Rot               Necr/Pois/Air  0%         N/A       100%        4
 Hailstorm                Conj/Ice       0%         3d3       100%        4
 Ice Form                 Ice/Tmut       0%         N/A       100%        4
 Sticky Flame             Conj/Fire      0%         2d3       100%        4
 Summon Ice Beast         Ice/Summ       0%         N/A       100%        4
 Lehudib's Crystal Spear  Conj/Erth      0%         10d2      100%        8


Dungeon Overview and Level Annotations

Branches:
Dungeon (9/15)             Temple (1/1) D:4            Lair (2/6) D:9
  Swamp: Lair:2-4    Shoals: Lair:2-4     Snake: Lair:2-4    Spider: Lair:2-4
    Orc: D:9-12

Altars:
Ashenzari
Cheibriados
Dithmenos
Elyvilon
Fedhas
Gozag
Hepliaklqana
Kikubaaqudgha
Makhleb
Nemelex Xobeh
Okawaru
Qazlal
Ru
Sif Muna
Trog
Uskayaw
Vehumet
Wu Jian
Xom
Yredelemnul
Zin
The Shining One
Jiyva

Shops:
D:2 [**?(   D:3 :


Innate Abilities, Weirdness & Mutations

You have a pair of horns on your head.
You reflexively headbutt those who attack you in melee.


Message History

You miss the wolf.
The wolf is lightly wounded.
You hit the wolf.
You feel better. You block the wolf's attack.
The wolf bites you but does no damage. The wolf bites you.
You miss the wolf. Your headbutt misses the wolf.
The wolf is lightly wounded.
You miss the wolf. The wolf bites you!
* * * LOW HITPOINT WARNING * * *
The wolf barely misses you. You block the wolf's attack.
A blink frog comes into view.
You miss the wolf. You headbutt the wolf!
The wolf is severely wounded.
You hit the wolf.
You feel better. The wolf bites you!
* * * LOW HITPOINT WARNING * * *
The wolf completely misses you. You furiously retaliate!
You headbutt the wolf!
You kill the wolf!
The dead are walking!
A water moccasin comes into view.
Your Fighting skill increases to level 13!
As you read the scroll of teleportation, it crumbles to dust.
You feel strangely unstable.
The wolf bites you but does no damage. x2
A komodo dragon comes into view.
The wolf barely misses you. You furiously retaliate!
You headbutt the wolf, but do no damage.
Your wolf zombie barely misses the wolf.
The wolf bites you.
* * * LOW HITPOINT WARNING * * *
The wolf bites you.
* * * LOW HITPOINT WARNING * * *
Your wolf zombie bites the wolf.
The wolf bites you.
* * * LOW HITPOINT WARNING * * *
The komodo dragon bites your wolf zombie!!
The wolf bites you but does no damage.
Your wolf zombie bites the wolf.
The wolf bites you.
* * * LOW HITPOINT WARNING * * *
You block the wolf's attack.
The komodo dragon closely misses your wolf zombie.
The wolf bites you!
You die...
Your body rises from the dead as a mindless zombie.

...## ....##.......... ..#..
#####...##......... #...
##..##....#.........
###...###...##....##........
............................
#⌠.....S..>..F.....⌠#.......
.......lZ.hhh.......+.......
###...#.#hhh##....##........
#....####@###...# ........
#.....######....# .....P##
#.##....#.#.)..### ....### #
##....⌠....## .....#
##........# ..P#
###.<.#....... #.#....###..
#.......P# #........P#


You could see a komodo dragon, a blink frog, a water moccasin, 6 wolves and a
friendly wolf zombie.

Vanquished Creatures
  Fannar (Lair:2)
  A hydra (Lair:1)
  A two-headed ogre (D:9)
  The ghost of spaghetti the Grappler, a novice VSBe of Trog (D:9)
  Joseph (D:7)
  4 cane toads
  Psyche (D:8)
  A komodo dragon (Lair:2)
  A troll (D:9)
  A slime creature (D:9)
  Prince Ribbit (D:5)
  Eustachio (D:6)
  A vampire (D:9)
  5 yaks (D:8)
  2 wyverns (D:9)
  3 steam dragons
  Menkaure (D:4)
  A sky beast (D:8)
  An orc warrior (D:9)
  3 black bears
  2 ice beasts
  5 wolves
  2 centaurs (D:8)
  A phantom (D:4)
  A kobold brigand (D:7)
  8 bullfrogs
  4 scorpions
  2 necrophages (D:8)
  A gnoll sergeant (D:9)
  3 wights (D:9)
  4 howler monkeys (D:9)
  An electric eel (D:9)
  5 hounds
  4 jellies (D:9)
  5 orc priests
  A gnoll shaman (D:7)
  Jessica (D:3)
  Ijyb (D:4)
  An iguana (D:7)
  11 orc wizards
  9 gnolls
  7 adders
  A shadow imp (D:6)
  A worm (D:2)
  3 dart slugs
  17 orcs
  8 endoplasms
  4 giant cockroaches
  7 hobgoblins
  2 jackals (D:1)
  3 kobolds
  A quokka (D:1)
  5 ball pythons
  8 bats
  2 frilled lizards
  6 goblins
  6 rats
185 creatures vanquished.

Vanquished Creatures (collateral kills)
  A bullfrog (D:7)
  A necrophage (D:7)
  2 howler monkeys (D:9)
  An electric eel (D:9)
  A bullfrog zombie (D:7)
  An orc wizard (D:7)
  A gnoll (D:9)
  An adder (D:5)
  2 orcs (D:7)
  2 kobolds (D:7)
13 creatures vanquished.

Vanquished Creatures (others)
  A cane toad zombie (Lair:2)
  A wolf zombie (D:9)
  2 bullfrog zombies
  A hound (D:9)
  A scorpion zombie (D:5)
  A spectral electric eel (D:9)
  4 howler monkey zombies (D:9)
  2 jelly zombies (D:9)
  7 gnoll zombies
  An orc zombie (D:5)
  14 fungi
  3 plants
38 creatures vanquished.

Grand Total: 236 creatures vanquished

Notes
Turn   | Place    | Note
-------+----------+-------------------------------------------
     0 | D:1      | kyalle the Minotaur Fighter began the quest for the Orb.
     0 | D:1      | Reached XP level 1. HP: 19/19 MP: 0/0
   216 | D:1      | Reached XP level 2. HP: 23/27 MP: 1/1
   290 | D:1      | Reached skill level 4 in Fighting
   631 | D:2      | Found Fot Bott's Assorted Antiques.
   721 | D:2      | Reached XP level 3. HP: 33/33 MP: 2/2
   728 | D:2      | Found Tyor's Antique Armour Shoppe.
   745 | D:2      | Found Teunuula's General Store.
   773 | D:2      | Found a faded altar of an unknown god.
   785 | D:2      | Found Zadeifel's Magic Scroll Shoppe.
   797 | D:2      | Found Syow's Weapon Emporium.
  1195 | D:3      | Noticed Jessica
  1199 | D:3      | Killed Jessica
  1200 | D:3      | Reached XP level 4. HP: 41/41 MP: 3/3
  1299 | D:3      | Found Gejumaqe's Book Shop.
  1750 | D:4      | Found an ancient bone altar of Kikubaaqudgha.
  1752 | D:4      | Noticed a phantom
  1755 | D:4      | Found a white marble altar of Elyvilon.
  1763 | D:4      | Killed a phantom
  1764 | D:4      | Reached skill level 5 in Fighting
  1764 | D:4      | Reached XP level 5. HP: 48/48 MP: 4/4
  1854 | D:4      | Found a staircase to the Ecumenical Temple.
  1869 | D:4      | Noticed Menkaure
  1875 | D:4      | Killed Menkaure
  1876 | D:4      | Reached skill level 5 in Axes
  1876 | D:4      | Reached XP level 6. HP: 34/57 MP: 5/5
  1886 | Temple   | Entered the Ecumenical Temple
  1897 | Temple   | Became a worshipper of Yredelemnul the Dark
  2111 | D:4      | Reached skill level 6 in Fighting
  2111 | D:4      | Reached skill level 5 in Armour
  2467 | D:4      | Found a sacrificial altar of Ru.
  2470 | D:4      | Found a hazy altar of Hepliaklqana.
  2484 | D:4      | Noticed Ijyb
  2487 | D:4      | Paralysed by Ijyb for 4 turns
  2495 | D:4      | Killed Ijyb
  2512 | D:4      | Reached * piety under Yredelemnul
  2761 | D:5      | Entered Level 5 of the Dungeon
  2908 | D:5      | Noticed a steam dragon
  2909 | D:5      | Noticed a steam dragon
  2918 | D:5      | Killed a steam dragon
  2919 | D:5      | Reached skill level 5 in Shields
  2919 | D:5      | Reached XP level 7. HP: 25/64 MP: 6/6
  2920 | D:5      | Killed a steam dragon
  3243 | D:5      | Reached skill level 7 in Fighting
  3300 | D:5      | Noticed Prince Ribbit
  3313 | D:5      | Killed Prince Ribbit
  3873 | D:5      | Reached ** piety under Yredelemnul
  4050 | D:5      | Reached XP level 8. HP: 73/73 MP: 7/7
  4115 | D:6      | Noticed Eustachio
  4127 | D:6      | Killed Eustachio
  4228 | D:6      | Identified the +3 spear "Pifiveid" {protect, *Rage MP+9
                  | Int+4 SInv}
  4338 | D:6      | Reached skill level 1 in Polearms
  4392 | D:6      | Reached skill level 8 in Fighting
  5193 | D:7      | Reached XP level 9. HP: 68/82 MP: 8/8
  5194 | D:7      | Reached skill level 9 in Fighting
  5309 | D:7      | Found a radiant altar of Vehumet.
  5311 | D:7      | Found a blossoming altar of Fedhas.
  5382 | D:7      | Noticed Joseph
  5404 | D:7      | Reached skill level 5 in Polearms
  5406 | D:7      | Killed Joseph
  5738 | D:7      | Reached *** piety under Yredelemnul
  6032 | D:7      | Reached **** piety under Yredelemnul
  6205 | D:8      | Reached skill level 10 in Fighting
  6318 | D:8      | Noticed Psyche
  6325 | D:8      | Killed Psyche
  6914 | D:8      | Reached XP level 10. HP: 94/94 MP: 9/9
  6930 | D:8      | Reached skill level 11 in Fighting
  7183 | D:9      | Noticed a two-headed ogre
  7190 | D:9      | Killed a two-headed ogre
  7347 | D:9      | Found a runed translucent gate.
  7348 | D:9      | Found a runed translucent gate.
  7348 | D:9      | Found a runed translucent gate.
  7354 | D:9      | Noticed spaghetti's ghost (novice VSBe)
  7363 | D:9      | Found a viscous altar of Jiyva.
  7389 | D:9      | Killed spaghetti's ghost
  7678 | D:9      | Found a staircase to the Lair.
  7705 | D:9      | Reached skill level 12 in Fighting
  7719 | D:9      | HP: 1/97 [electric eel/bolt of electricity (11)]
  8570 | D:9      | Reached XP level 11. HP: 104/104 MP: 10/10
  8995 | Lair:1   | Entered Level 1 of the Lair of Beasts
  9291 | Lair:1   | Noticed a seven-headed hydra
  9302 | Lair:1   | Killed a seven-headed hydra
 10225 | Lair:2   | Noticed Fannar
 10705 | Lair:2   | Killed Fannar
 10831 | Lair:2   | Reached skill level 13 in Fighting
 10833 | Lair:2   | Slain by a wolf

Illustrated notes

Levels and vault maps discovered:
D:1:      dpeg_arrival_tiny_i, layout_rooms
D:2:      layout_rooms, serial_shops, nicolae_shop_hallway_stairs,
          nicolae_shop_stone, shop, shop, nicolae_shop_bloodbath_and_beyond,
          ebering_ecumenical_altar_box
D:3:      layout_rooms, serial_curves, eino_curves_02, eino_curves_03,
          serial_shops, nicolae_shop_statue_plus, st_stairs_4,
          interstate_on_off, uniq_jessica
D:4:      layout_cave_pools, nicolae_overflow_hidden_temple,
          minmay_temple_entry_slanted, uniq_menkaure, uniq_ijyb
D:5:      kennysheep_steamy, layout_basic, hangedman_decor_clover_reticule,
          minmay_tree_intersection, hangedman_decor_push, uniq_prince_ribbit1
D:6:      layout_loops_ring, skrybe_limestone_x, uniq_eustachio
D:7:      layout_rooms, jmf_multi_god_temple, uniq_joseph
D:8:      layout_loops_ring, uniq_psyche
D:9:      layout_roguey, erik_lair_island, gammafunk_ghost_ooze,
          chequers_serial_rivers_small_b
Temple:   lightli_temple_of_artemis
Lair:1:   layout_long_grid, hangedman_lair_unloving_vines,
          infiniplex_staircase_pool
Lair:2:   layout_cave_pods, grunt_forest_small_clearing_treed,
          grunt_megastairs_5, uniq_fannar

Skill      XL: |  1  2  3  4  5  6  7  8  9 10 11 |
---------------+----------------------------------+-----
Fighting       | 4 5 6 7 8 10 12 13 | 13.0
Axes           | 3 4 5 6 7 8 |  8.1
Armour         | 4 5 6 8 9 |  9.6
Shields        | 4 5 6 7 9 |  9.5
Polearms       | 4 7 9 |  9.9

Action                   |  1- 3 |  4- 6 |  7- 9 | 10-12 || total
-------------------------+-------+-------+-------+-------++-------
Melee: War axe           |    76 |    73 |    28 |       ||   177
       Headbutt          |    10 |    15 |    40 |    60 ||   125
       Spear             |       |       |   192 |   166 ||   358
       Hand axe          |       |       |       |    88 ||    88
Evoke: Wand              |       |       |       |     5 ||     5
  Use: Scroll            |     9 |     4 |       |    10 ||    23
       Potion            |       |     2 |     1 |     3 ||     6
 Stab: Distracted        |       |       |     2 |       ||     2
Armor: Scale mail        |    50 |    40 |     8 |       ||    98
       Plate armour      |       |       |   107 |   111 ||   218
Dodge: Dodged            |    37 |    33 |    60 |    64 ||   194
Block: Buckler           |    21 |    14 |    39 |    55 ||   129

Table legend: (Time is in decaauts)
 A = Elapsed time spent in this place.
 B = Non-inter-level travel time spent in this place.
 C = Inter-level travel time spent in this place.
 D = Time resting spent in this place.
 E = Time spent auto-exploring this place.
 F = Levels seen in this place.
 G = Mean time per level.
                   A        B        C        D        E       F      G
               +--------+--------+--------+--------+--------+-----+--------+
         Total |  10987 |  10609 |    378 |   2244 |   5301 |  12 |  915.6 |
       Dungeon |   8967 |   8646 |    321 |   1443 |   4771 |   9 |  996.3 |
        Temple |    204 |    186 |     18 |      0 |    182 |   1 |  204.0 |
          Lair |   1815 |   1776 |     39 |    801 |    348 |   2 |  907.5 |
               +--------+--------+--------+--------+--------+-----+--------+

Top non-repeatable levels by time:
     D:9: 1759 daAuts
  Lair:1: 1400 daAuts
     D:5: 1326 daAuts
     D:8: 1120 daAuts
     D:6: 1065 daAuts
     D:7: 1057 daAuts
     D:4: 868 daAuts
     D:1: 648 daAuts
     D:2: 567 daAuts
     D:3: 554 daAuts
  Lair:2: 414 daAuts
  Temple: 204 daAuts
